 Dungeon Crawl Stone Soup version 0.29.0 (webtiles) character file.

Game seed: 10010534981506749577

3252 kaikaun the Carver (level 9, -12/71 (75) HPs)
             Began as a Gnoll Cinder Acolyte on Sept 2, 2022.
             Was an Elder of Ignis.
             Mangled by an orc warrior
             ... wielding a +0 halberd
              (13 damage)
             ... in a bailey.
             The game lasted 00:23:39 (8333 turns).

kaikaun the Carver (Gnoll Cinder Acolyte)           Turns: 8333, Time: 00:23:39

HP:   -12/71 (75)   AC: 13    Str: 15    XL:     9   Next: 99%
MP:   14/17         EV: 13    Int: 13    God:    Ignis [****..]
Gold: 445           SH:  0    Dex: 11    Spells: 15/19 levels left

rFire   + + .      SeeInvis .   a - +2 long sword (drain)
rCold   . . .      Faith    .   (no shield)
rNeg    . . .      Spirit   .   H - +1 robe {Will+}
rPois   .          Reflect  .   M - +1 helmet
rElec   .          Harm     .   x - scarf {+Inv}
rCorr   .          Rampage  .   o - +0 pair of gloves
Will    +....                   (no boots)
Stlth   +++.......              F - amulet of the acrobat
HPRegen 0.21/turn               C - ring of protection from fire
MPRegen 0.15/turn               (no ring)

@: fiery-armoured, drained
A: fangs 1, strong nose, distributed training
a: Renounce Religion, Evoke Invisibility, Fiery Armour, Foxfire Swarm, Rising
Flame


You were in a bailey.
You worshipped Ignis.
Ignis was greatly pleased with you.
You visited 2 branches of the dungeon, and saw 9 of its levels.
You also visited: Bailey.

You collected 445 gold pieces.

Inventory:

Hand Weapons
 a - a +2 long sword of draining (weapon)
 b - a +5 flail of pain
 e - a +0 whip of freezing
 y - a +0 mace of holy wrath
 E - a +3 scimitar
 O - a +0 falchion of flaming
Missiles
 f - 4 javelins
 B - 26 poisoned darts (quivered)
Armour
 o - a +0 pair of gloves (worn)
 x - a scarf of invisibility (worn)
 H - a +1 robe of willpower (worn)
 M - a +1 helmet (worn)
Jewellery
 C - a ring of protection from fire (left hand)
 F - an amulet of the acrobat (around neck)
Wands
 L - a wand of digging (5)
Scrolls
 g - 2 scrolls of summoning
 h - a scroll of brand weapon {unknown}
 r - a scroll of magic mapping {unknown}
 s - a scroll of silence {unknown}
 v - 2 scrolls of noise {unknown}
 w - 2 scrolls of immolation {unknown}
 A - 3 scrolls of fog {unknown}
 G - 3 scrolls of teleportation {unknown}
 I - a scroll of vulnerability {unknown}
 J - a scroll of blinking {unknown}
 K - a scroll of acquirement {unknown}
Potions
 c - 4 potions of lignification {unknown}
 d - 2 potions of ambrosia
 i - a potion of haste
 k - 2 potions of curing
 l - 3 potions of resistance {unknown}
 n - a potion of cancellation
 p - 4 potions of attraction {unknown}
 D - a potion of berserk rage


   Skills:
 + Level 8.3 Fighting
 + Level 5.0 Short Blades
 + Level 8.3 Long Blades
 + Level 5.0 Axes
 + Level 5.0 Maces & Flails
 + Level 5.0 Polearms
 + Level 5.0 Staves
 + Level 5.0 Ranged Weapons
 + Level 5.0 Throwing
 + Level 5.0 Armour
 + Level 5.0 Dodging
 + Level 5.0 Stealth
 + Level 5.0 Shields
 + Level 5.0 Unarmed Combat
 + Level 5.8 Spellcasting
 + Level 4.1 Conjurations
 + Level 4.1 Hexes
 + Level 4.1 Summonings
 + Level 4.1 Necromancy
 + Level 4.1 Translocations
 + Level 4.1 Transmutations
 + Level 6.9 Fire Magic
 + Level 4.1 Ice Magic
 + Level 4.1 Air Magic
 + Level 4.1 Earth Magic
 + Level 4.1 Poison Magic
 + Level 5.4 Invocations
 + Level 5.0 Evocations


You had 15 spell levels left.
You knew the following spells:

 Your Spells              Type           Power      Damage    Failure   Level
a - Scorch                Fire           42%        2d7       1%          2
b - Blink                 Tloc           28%        N/A       4%          2

Your spell library contained the following spells:

 Spells                   Type           Power      Damage    Failure   Level
 Foxfire                  Conj/Fire      72%        2x1d7     1%          1
 Apportation              Tloc           28%        N/A       3%          1
 Necrotise                Necr           56%        1d6       3%          1
 Summon Small Mammal      Summ           56%        N/A       3%          1
 Conjure Flame            Conj/Fire      18%        6-21      5%          3
 Inner Flame              Hex/Fire       18%        N/A       5%          3
 Call Canine Familiar     Summ           14%        N/A       10%         3
 Lesser Beckoning         Tloc           14%        N/A       10%         3
 Portal Projectile        Hex/Tloc       28%        N/A       10%         3
 Summon Guardian Golem    Hex/Summ       14%        N/A       10%         3
 Tukima's Dance           Hex            14%        N/A       10%         3
 Flame Wave               Conj/Fire      18%        2d7       19%         4
 Blade Hands              Tmut           7%         N/A       65%         5
 Manifold Assault         Tloc           14%        N/A       65%         5
 Dispersal                Tloc           7%         N/A       99%         6
 Disjunction              Tloc           7%         N/A       100%        8


Dungeon Overview and Level Annotations

Branches:
Dungeon (8/15)             Temple (1/1) D:6          Bailey (1/1)
   Lair: D:8-11

Altars:
Cheibriados
Dithmenos
Elyvilon
Fedhas
Gozag
Hepliaklqana
Kikubaaqudgha
Makhleb
Nemelex Xobeh
Okawaru
Ru
Uskayaw
Vehumet
Wu Jian
Xom
Yredelemnul
Zin
The Shining One

Shops:
D:6 *

Annotations:
D:7 2 transporters


Innate Abilities, Weirdness & Mutations

You have very sharp teeth.
Your uncanny sense of smell can sniff out nearby items.
Your experience applies equally to all skills.


Message History

You hit the orc.
You kill the orc!
The orc warrior hits you from afar with a +0 spear!
The orc warrior closely misses you.
An orc comes into view. It is wielding a +0 spear.
There is a large open door here.
The orc warrior attacks as you move away!
The orc warrior hits you with a +0 halberd!!
The orc warrior misses you.
Casting: Scorch (safe; 1% risk of failure)
Confirm with . or Enter, or press ? or * to list all spells.
Flames lash the orc warrior.
The orc warrior is moderately wounded.
The orc warrior's fire resistance burns away.
The orc shouts!
You hear a shout!
The orc warrior barely misses you.
The orc warrior attacks as you move away!
The orc warrior hits you with a +0 spear!
The orc warrior hits you from afar with a +0 spear!
* * * LOW HITPOINT WARNING * * *
Casting: Scorch (safe; 1% risk of failure)
Confirm with . or Enter, or press ? or * to list all spells.
You blink.
The orc warrior hits you but does no damage.
The orc warrior barely misses you.
The orc warrior is no longer more vulnerable to fire.
A protective cloak of flame settles atop you.
The orc warrior hits you from afar with a +0 halberd!
* * * LOW HITPOINT WARNING * * *
The orc warrior hits you from afar with a +0 spear.
* * * LOW HITPOINT WARNING * * *
Unknown command.
Okay, then.
Okay, then.
Okay, then.
As you read the scroll labelled FOPIEN TYAWI, it crumbles to dust.
Wisps of shadow whirl around you...
It was a scroll of summoning.
You feel stable enough to blink again.
The orc warrior hits you from afar with a +0 halberd!
You die...

♣♣................≈≈#
♣......#....#....≈≈≈#
...≈≈≈≈#....#≈≈≈≈≈≈≈#
.≈≈≈≈≈≈#....#≈≈≈≈≈≈≈#
≈≈≈≈≈≈≈#....#≈≈≈≈≈≈≈#
≈≈≈≈≈≈≈#.).§#≈≈≈≈≈♣♣#
≈≈≈≈...#....#o.o♣♣♣♣
≈≈..........o.♣.o..♣#
≈...........ooo.@o..#
..####.......o####o.#
♣♣#$.####''####.$#.##
.........o....###
#...8....8o..##
#..########..# #.
∆∆∆∆ ..# # ∆∆∆∆∆∆ .#
.#


You could see 3 orc warriors, an orc, a friendly orc warrior (summoned), a
friendly orc priest (summoned, wandering), 3 friendly orc wizards and a friendly
orc (summoned).

Vanquished Creatures
  Pikel (D:5)
  Joseph (D:7)
  A steam dragon (D:7)
  Edmund (D:5)
  A water moccasin (D:7)
  An orc warrior (D:7)
  An ice beast (D:7)
  4 sky beasts
  A phantom (D:6)
  A lemure (D:5)
  A kobold brigand (D:4)
  Blork the orc (D:5)
  2 bullfrogs
  A necrophage (D:6)
  A gnoll sergeant (D:7)
  3 scorpions
  6 wights (D:8)
  3 hounds
  5 orc priests
  A jelly (D:6)
  3 iguanas
  An orc wizard (D:6)
  5 gnolls
  3 adders
  2 white imps (D:6)
  2 ufetubi
  3 worms
  2 dart slugs
  19 orcs
  5 ball pythons
  A bat (D:2)
  8 endoplasms
  6 giant cockroaches
  5 goblins
  8 hobgoblins
  15 jackals
  6 quokkas
  4 frilled lizards
  8 kobolds
  12 rats
  A spectral orc (D:4)
156 creatures vanquished.

Vanquished Creatures (others)
  11 plants
11 creatures vanquished.

Grand Total: 167 creatures vanquished

Notes
Turn   | Place    | Note
-------+----------+-------------------------------------------
     0 | D:1      | kaikaun the Gnoll Cinder Acolyte began the quest for the
                  | Orb.
     0 | D:1      | Reached XP level 1. HP: 23/23 MP: 4/4
   219 | D:1      | Reached XP level 2. HP: 29/29 MP: 5/5
   222 | D:1      | Learned a level 2 spell: Scorch
   472 | D:1      | Reached XP level 3. HP: 33/35 MP: 4/7
   729 | D:1      | Reached skill level 1 in Invocations
  1120 | D:2      | Reached skill level 1 in Short Blades
  1120 | D:2      | Reached skill level 1 in Axes
  1120 | D:2      | Reached skill level 1 in Maces & Flails
  1120 | D:2      | Reached skill level 1 in Polearms
  1120 | D:2      | Reached skill level 1 in Staves
  1120 | D:2      | Reached skill level 1 in Ranged Weapons
  1120 | D:2      | Reached skill level 1 in Throwing
  1120 | D:2      | Reached skill level 1 in Armour
  1120 | D:2      | Reached skill level 1 in Dodging
  1120 | D:2      | Reached skill level 1 in Stealth
  1120 | D:2      | Reached skill level 1 in Shields
  1120 | D:2      | Reached skill level 1 in Unarmed Combat
  1120 | D:2      | Reached skill level 1 in Evocations
  1416 | D:2      | Reached XP level 4. HP: 40/41 MP: 3/8
  1628 | D:2      | Found a white marble altar of Elyvilon.
  1803 | D:2      | Found a faded altar of an unknown god.
  2192 | D:3      | Found a snail-covered altar of Cheibriados.
  2435 | D:3      | Reached skill level 1 in Conjurations
  2435 | D:3      | Reached skill level 1 in Hexes
  2435 | D:3      | Reached skill level 1 in Summonings
  2435 | D:3      | Reached skill level 1 in Necromancy
  2435 | D:3      | Reached skill level 1 in Translocations
  2435 | D:3      | Reached skill level 1 in Transmutations
  2435 | D:3      | Reached skill level 1 in Ice Magic
  2435 | D:3      | Reached skill level 1 in Air Magic
  2435 | D:3      | Reached skill level 1 in Earth Magic
  2435 | D:3      | Reached skill level 1 in Poison Magic
  2615 | D:4      | Found a glowing golden altar of the Shining One.
  2831 | D:4      | Found a basalt altar of Yredelemnul.
  2836 | D:4      | Reached XP level 5. HP: 47/47 MP: 6/9
  2905 | D:4      | Noticed a kobold brigand
  2918 | D:4      | Killed a kobold brigand
  3286 | D:4      | Reached XP level 6. HP: 52/53 MP: 3/11
  3460 | D:5      | Entered Level 5 of the Dungeon
  3478 | D:5      | Noticed Edmund
  3495 | D:5      | Killed Edmund
  3804 | D:5      | Noticed Pikel
  3814 | D:5      | Killed Pikel
  3815 | D:5      | Reached XP level 7. HP: 15/60 MP: 4/13
  3815 | D:5      | Reached XP level 8. HP: 17/67 MP: 4/14
  3818 | D:5      | Noticed Blork the orc
  4059 | D:5      | Noticed a +0 dagger
  4061 | D:5      | Killed Blork the orc
  4061 | D:5      | Noticed a +0 short sword
  4072 | D:5      | Noticed a +0 falchion
  4073 | D:5      | Noticed a +0 short sword
  4075 | D:5      | Noticed a +0 spear
  4077 | D:5      | Noticed a +0 spear
  4080 | D:5      | Noticed a +0 dagger
  4082 | D:5      | Noticed a +0 falchion
  4353 | D:5      | Found a hide-covered altar of Uskayaw.
  4953 | D:6      | Found a staircase to the Ecumenical Temple.
  4963 | Temple   | Entered the Ecumenical Temple
  5418 | D:6      | HP: 2/67 [orc priest/divine providence (16)]
  5976 | D:6      | Reached XP level 9. HP: 61/73 MP: 9/16
  5979 | D:6      | Reached skill level 5 in Spellcasting
  6110 | D:6      | Found Holah's Neck Hole.
  6116 | D:6      | Learned a level 2 spell: Blink
  6157 | D:7      | Noticed a two-headed ogre
  6175 | D:7      | Noticed a cyclops
  6377 | D:7      | Noticed Joseph
  6384 | D:7      | Killed Joseph
  6592 | D:7      | Noticed a deep elf pyromancer
  6600 | D:7      | Found a transporter.
  6600 | D:7      | Found a transporter.
  6600 | D:7      | Noticed a troll
  6909 | D:7      | Reached skill level 5 in Invocations
  7986 | D:8      | Found a flagged portal.
  8037 | Bailey   | Entered a bailey
  8274 | Bailey   | Reached skill level 5 in Short Blades
  8274 | Bailey   | Reached skill level 5 in Axes
  8274 | Bailey   | Reached skill level 5 in Maces & Flails
  8274 | Bailey   | Reached skill level 5 in Polearms
  8274 | Bailey   | Reached skill level 5 in Staves
  8274 | Bailey   | Reached skill level 5 in Ranged Weapons
  8274 | Bailey   | Reached skill level 5 in Throwing
  8274 | Bailey   | Reached skill level 5 in Armour
  8274 | Bailey   | Reached skill level 5 in Dodging
  8274 | Bailey   | Reached skill level 5 in Stealth
  8274 | Bailey   | Reached skill level 5 in Shields
  8274 | Bailey   | Reached skill level 5 in Unarmed Combat
  8274 | Bailey   | Reached skill level 5 in Evocations
  8331 | Bailey   | HP: 1/71 [orc warrior/+0 spear (5)]
  8333 | Bailey   | Mangled by an orc warrior

Illustrated notes

Levels and vault maps discovered:
D:1:      dpeg_arrival_three_bigger_balls, layout_loops_ring
D:2:      cheibrodos_old_hovel, layout_loops_cross,
          nicolae_ecumenical_lake_church, basic_altar, amethyst_killhole,
          hangedman_decor_diamond_cutter
D:3:      layout_rooms, mainiacjoe_overflow_chevrons, serial_curves,
          eino_curves_03, eino_curves_03
D:4:      layout_loops_ring, mainiacjoe_overflow_boulevard,
          yredelemnul_forgotten_temple_becter
D:5:      layout_basic, nicolae_uskayaw_en_pointe, kennysheep_generic_room_15,
          uniq_blork_the_orc, uniq_pikel, uniq_edmund
D:6:      layout_rooms, minmay_temple_entry_proselytizer,
          nicolae_shop_sticking_my_neck_out
D:7:      gammafunk_the_bubble [the_bubble_gammafunk_split], layout_gridville,
          uniq_joseph
D:8:      layout_rooms, nicolae_qazlal_general_emergency, enter_bailey_7,
          serial_bayou_pond_c, blue_anna_alchemist
Temple:   nicolae_temple_two_arcs
Bailey:   bailey_polearm_elven_captive_hellmonk, bailey

Skill      XL: |  1  2  3  4  5  6  7  8  9 |
---------------+----------------------------+-----
Invocations    | 1 2 3 4 5 |  5.4
Short Blades   | 1 3 5 |  5.0
Axes           | 1 3 5 |  5.0
Maces & Flails | 1 3 5 |  5.0
Polearms       | 1 3 5 |  5.0
Staves         | 1 3 5 |  5.0
Ranged Weapons | 1 3 5 |  5.0
Throwing       | 1 3 5 |  5.0
Armour         | 1 3 5 |  5.0
Dodging        | 1 3 5 |  5.0
Stealth        | 1 3 5 |  5.0
Shields        | 1 3 5 |  5.0
Unarmed Combat | 1 3 5 |  5.0
Evocations     | 1 3 5 |  5.0
Spellcasting   | 3 4 5 |  5.8
Conjurations   | 1 2 3 4 |  4.1
Hexes          | 1 2 3 4 |  4.1
Summonings     | 1 2 3 4 |  4.1
Necromancy     | 1 2 3 4 |  4.1
Translocations | 1 2 3 4 |  4.1
Transmutations | 1 2 3 4 |  4.1
Ice Magic      | 1 2 3 4 |  4.1
Air Magic      | 1 2 3 4 |  4.1
Earth Magic    | 1 2 3 4 |  4.1
Poison Magic   | 1 2 3 4 |  4.1
Fighting       | 7 8 |  8.3
Long Blades    | 7 8 |  8.3
Fire Magic     | 6 |  6.9

Action                   |  1- 3 |  4- 6 |  7- 9 || total
-------------------------+-------+-------+-------++-------
Melee: Falchion          |    94 |   113 |   122 ||   329
       Bite              |     5 |    12 |    18 ||    35
       Flail             |       |     3 |    10 ||    13
       Punch             |       |       |     3 ||     3
       Mace              |       |       |    21 ||    21
       Long sword        |       |       |    15 ||    15
Throw: Javelin           |       |       |     4 ||     4
 Cast: Scorch            |    12 |    20 |   102 ||   134
       Blink             |       |       |     1 ||     1
Invok: Fiery Armour      |       |     2 |     3 ||     5
  Use: Scroll            |       |     7 |     4 ||    11
       Potion            |       |       |     1 ||     1
 Stab: Sleeping          |     1 |     4 |     8 ||    13
Armor: Robe              |    23 |    17 |    76 ||   116
       Leather armour    |       |    11 |       ||    11
Dodge: Dodged            |    49 |    64 |   133 ||   246
